 Dungeon Crawl Stone Soup version 0.28.0-43-g3370ac3207 (webtiles) character file.

Game seed: 7180899938786402492

435 Peloso the Slasher (level 6, -2/56 HPs)
             Began as a Minotaur Fighter on Feb 28, 2022.
             Slain by Ijyb
             ... wielding a +0 dagger
              (5 damage)
             ... on level 2 of the Dungeon.
             The game lasted 00:05:59 (2971 turns).

Peloso the Slasher (Minotaur Fighter)               Turns: 2971, Time: 00:06:00

Health: -2/56      AC:  1    Str: 21    XL:     6   Next: 68%
Magic:  5/5        EV:  7    Int:  5    God:
Gold:   143        SH:  5    Dex: 11    Spells: 5/5 levels left

rFire   . . .      SeeInvis .   a - +0 long sword
rCold   . . .      Faith    .   c - +0 buckler
rNeg    . . .      Spirit   .   i - +0 chain mail
rPois   .          Reflect  .   (helmet restricted)
rElec   .          Harm     .   (no cloak)
rCorr   .          Rampage  .   (no gloves)
Will    .....                   (no boots)
Stlth   ..........              r - amulet of regeneration
HPRegen 0.98/turn               (no ring)
MPRegen 0.09/turn               (no ring)

@: corroded
A: horns 2, retaliatory headbutt
a: no special abilities


You were on level 2 of the Dungeon.
You visited 1 branch of the dungeon, and saw 4 of its levels.
You also visited: Sewer.

You collected 143 gold pieces.

Inventory:

Hand Weapons
 a - a +0 long sword (weapon)
Armour
 b - a +0 scale mail
 c - a +0 buckler (worn)
 i - a +0 chain mail (worn)
Jewellery
 g - a ring of see invisible
 r - an amulet of regeneration (around neck)
Scrolls
 p - a scroll of teleportation
Potions
 d - a potion of might
 e - a potion of heal wounds
 f - a potion of cancellation {unknown}
 h - 2 potions of brilliance {unknown}
 j - 3 potions of mutation {unknown}
 k - 3 potions of flight {unknown}
 l - a potion of degeneration {unknown}
 m - a potion of lignification {unknown}
 n - 2 potions of curing {unknown}
 o - a potion of berserk rage {unknown}


   Skills:
 + Level 5.1 Fighting
 + Level 6.1 Long Blades
 + Level 4.8 Armour
 + Level 0.9 Dodging
 + Level 0.3 Stealth
 + Level 5.0 Shields


You had 5 spell levels left.
You didn't know any spells.
Your spell library contained the following spells:

 Spells                   Type           Power      Damage    Failure   Level
 Blink                    Tloc           0%         N/A       100%        2
 Lesser Beckoning         Tloc           0%         N/A       100%        3
 Manifold Assault         Tloc           0%         N/A       100%        5


Dungeon Overview and Level Annotations

Branches:
Dungeon (4/15)              Sewer (visited)
 Temple: D:4-7

Altars:
Cheibriados
Fedhas
Hepliaklqana

Annotations:
D:2 Ijyb


Innate Abilities, Weirdness & Mutations

You have a pair of horns on your head.
You reflexively headbutt those who attack you in melee.


Message History

The adder barely misses you. The adder bites you.
Ijyb hits you but does no damage.
There is a stone staircase leading up here.
You climb upwards.
There is a stone staircase leading down here.
You barely miss Ijyb. Your headbutt misses Ijyb.
Ijyb hits you but does no damage.
Ijyb zaps a wand.
The bolt of acid hits you! The acid corrodes you!
You closely miss Ijyb. You block Ijyb's attack.
You hit Ijyb but do no damage. Ijyb hits you with a +0 dagger.
You closely miss Ijyb. Your headbutt misses Ijyb. Ijyb barely misses you.
You barely miss Ijyb. You headbutt Ijyb, but do no damage.
Ijyb hits you but does no damage.
You hit Ijyb.
Ijyb is lightly wounded.
You block Ijyb's attack.
You closely miss Ijyb. You headbutt Ijyb!
Ijyb is heavily wounded.
Ijyb zaps a wand.
The bolt of acid hits you!! The acid corrodes you!
You hit Ijyb but do no damage. Your headbutt misses Ijyb.
Ijyb is heavily wounded.
Ijyb hits you with a +0 dagger.
You hit Ijyb but do no damage.
Ijyb is heavily wounded.
Ijyb zaps a wand.
The bolt of acid hits you!
* * * LOW HITPOINT WARNING * * *
Ijyb hits you with a +0 dagger.
* * * LOW HITPOINT WARNING * * *
You feel much better. Ijyb barely misses you. You furiously retaliate!
You headbutt Ijyb. You hit Ijyb but do no damage. Your headbutt misses Ijyb.
Ijyb is heavily wounded.
Ijyb zaps a wand.
The bolt of acid hits you!!
Ouch! That really hurt!
* * * LOW HITPOINT WARNING * * *
You hit Ijyb but do no damage.
Ijyb is heavily wounded.
Ijyb hits you with a +0 dagger.
You die...

#.............#)##.......##
#.###.##......##.#.......#
..#.....)......##........#
......##...........##..##########
###.####..........#.##.# #.....#
.##.# #..........##.#.####.....#
.#..# #.......#...###..........#
.#.## #...........(.....##.....#
...#########...g@......####.....#
.####..................###..#####
#####..................##..##
....#.......#........#.#..#####
.##.###....#......##.....)....#
.##..##..###.....####.........#
...............#.##...........#
.#####.........#.#..##........#
.####.........##.#.###........#


You could see Ijyb.

Vanquished Creatures
  A sky beast (D:4)
  4 jellies (Sewer)
  An iguana (D:4)
  3 gnolls (D:3)
  8 adders
  2 worms
  4 orcs (D:3)
  8 endoplasms
  5 giant cockroaches
  5 goblins
  5 hobgoblins
  8 jackals
  2 quokkas (D:3)
  6 ball pythons
  9 bats
  8 frilled lizards
  3 kobolds
  6 rats
88 creatures vanquished.

Notes
Turn   | Place    | Note
-------+----------+-------------------------------------------
     0 | D:1      | Peloso the Minotaur Fighter began the quest for the Orb.
     0 | D:1      | Reached XP level 1. HP: 19/19 MP: 0/0
   255 | D:1      | Reached XP level 2. HP: 27/27 MP: 1/1
   425 | D:1      | Found a faded altar of an unknown god.
   574 | D:1      | Reached skill level 3 in Long Blades
   768 | D:2      | Reached XP level 3. HP: 30/33 MP: 2/2
  1071 | D:2      | You fall into a shaft and drop 2 floors!
  1071 | D:4      | Found a blossoming altar of Fedhas.
  1111 | D:4      | Reached skill level 4 in Long Blades
  1121 | D:4      | Found a hazy altar of Hepliaklqana.
  1122 | D:4      | Noticed a sky beast
  1138 | D:4      | Killed a sky beast
  1139 | D:4      | Reached skill level 5 in Long Blades
  1139 | D:4      | Reached XP level 4. HP: 32/40 MP: 3/3
  1139 | D:4      | Reached XP level 5. HP: 36/46 MP: 4/4
  1217 | D:4      | Found a snail-covered altar of Cheibriados.
  1222 | D:4      | Found a glowing drain.
  1230 | Sewer    | Entered a sewer
  1626 | Sewer    | Reached XP level 6. HP: 36/53 MP: 5/5
  2001 | Sewer    | Found a viscous altar of Jiyva.
  2058 | Sewer    | Reached skill level 5 in Shields
  2384 | D:3      | Reached skill level 5 in Fighting
  2386 | D:3      | Reached skill level 6 in Long Blades
  2940 | D:3      | Noticed Ijyb
  2970 | D:2      | HP: 2/56 [Ijyb/bolt of acid (28)]
  2971 | D:2      | Slain by Ijyb

Illustrated notes

Levels and vault maps discovered:
D:1:      minmay_arrival_four_circles, layout_basic, basic_ecumenical_altar,
          minmay_pentomino_p2
D:2:      layout_rooms, minmay_bisected
D:3:      layout_loops_cross, tgw_xom, minmay_vboxes, uniq_ijyb
D:4:      layout_rooms, fedhas_ov_isle_minmay, lemuel_round_altar,
          lemuel_crystal_altar, portal_sewer_entry_b

Skill      XL: |  1  2  3  4  5  6 |
---------------+-------------------+-----
Shields        | 4 5 |  5.0
Long Blades    | 3 5 6 |  6.1
Fighting       | 4 5 |  5.1
Armour         | 4 |  4.8
Dodging        | |  0.9
Stealth        | |  0.3

Action                   |  1- 3 |  4- 6 || total
-------------------------+-------+-------++-------
Melee: Long sword        |    94 |   126 ||   220
       Headbutt          |    11 |    20 ||    31
  Use: Scroll            |       |     6 ||     6
       Potion            |       |     1 ||     1
Armor: Scale mail        |    25 |       ||    25
       Chain mail        |    33 |    84 ||   117
Dodge: Dodged            |    49 |    38 ||    87
Block: Buckler           |    24 |    25 ||    49
